 Dungeon Crawl Stone Soup version 0.18.1-8-gdd0e5ea (webtiles) character file.

49 Gargoyl the Skirmisher (level 3, 0/29 HPs)
             Began as a Demonspawn Abyssal Knight on June 6, 2016.
             Was a Follower of Lugonu.
             Succumbed to an adder's poison
             ... on level 2 of the Dungeon.
             The game lasted 00:03:14 (1626 turns).

Gargoyl the Skirmisher (Demonspawn Abyssal Knight)  Turns: 1626, Time: 00:03:15

Health: 0/29       AC:  8    Str: 12 (13) XL:     3   Next: 53%
Magic:  4/4        EV:  5    Int: 12 (13) God:    Lugonu [*.....]
Gold:   83         SH:  0    Dex: 11 (12) Spells: 0 memorised, 2 levels left

rFire  + . .     SeeInvis .     a - +1 hand axe
rCold  . . .     Gourm    .     e - +0 chain mail
rNeg   . . .     Faith    .     (no shield)
rPois  .         Spirit   .     (no helmet)
rElec  .         Dismiss  .     (no cloak)
rCorr  .         Reflect  .     (no gloves)
SustAt .         Harm     .     (no boots)
MR     .....                    (no amulet)
Stlth  ..........               (no ring)
                                l - ring of protection from fire

@: lethally poisoned (0 -> -8), not resistant to hostile enchantments, extremely
unstealthy
A: nightstalker 1
a: Depart the Abyss, Renounce Religion


You were on level 2 of the Dungeon.
You worshipped Lugonu.
Lugonu was aware of your devotion.
You were hungry.

You visited 1 branch of the dungeon, and saw 3 of its levels.
You visited the Abyss 1 time.

You collected 83 gold pieces.

Inventory:

Hand Weapons
 a - a +1 hand axe (weapon)
Armour
 e - a +0 chain mail (worn)
Jewellery
 f - an uncursed ring of fire {unknown}
 l - a ring of protection from fire (left hand)
Scrolls
 b - 5 scrolls of identify {unknown}
 d - 4 scrolls of teleportation {unknown}
 h - a scroll of enchant armour {unknown}
 j - 2 scrolls of blinking {unknown}
 o - a scroll of random uselessness {unknown}
 q - a scroll of noise {unknown}
Potions
 g - a potion of lignification {unknown}
 n - a potion of brilliance
Comestibles
 c - 3 bread rations


   Skills:
 + Level 3.5 Fighting
 + Level 2.2 Axes
 * Level 2.7 Armour
 + Level 1.0 Dodging
 + Level 2.5 Invocations


You had 2 spell levels left.
You didn't know any spells.

Dungeon Overview and Level Annotations

Branches:
Dungeon (3/15)

Altars:
Kikubaaqudgha


Innate Abilities, Weirdness & Mutations

You are slightly more attuned to the shadows.


Message History

You closely miss the adder.
The adder is almost dead.
You feel sick. The adder bites you.
* * * LOW HITPOINT WARNING * * *
You are lethally poisoned!
The adder poisons you!
You miss the adder.
The adder is almost dead.
* * * LOW HITPOINT WARNING * * *
You feel sick. The adder bites you.
* * * LOW HITPOINT WARNING * * *
The adder bites you but does no damage.
You barely miss the adder.
The adder is almost dead.
* * * LOW HITPOINT WARNING * * *
You feel sick. The adder bites you but does no damage. The adder bites you.
* * * LOW HITPOINT WARNING * * *
You closely miss the adder.
The adder is almost dead.
You die...

......##........##...............
......##........#...........#####
......######....#...........#
......# #..#.#...........#
......#######+#.#...........#
............................#
..................###########
..................#
...............S@.#
...............)..#######
...............>........#
.....)............#####.#
..................# #.#
######............# #.#
#............# #.# #............#
#.# ###### #............# #.#
#.....


You could see an adder.

Vanquished Creatures
  A gnoll (D:2)
  An adder (D:2)
  A worm (D:2)
  2 giant geckos (D:2)
  2 bats
  A giant cockroach (D:1)
  4 goblins
  4 hobgoblins
  A quokka (D:2)
  3 kobolds
  5 rats
25 creatures vanquished.

Notes
Turn   | Place    | Note
--------------------------------------------------------------
     0 | Abyss:1  | Gargoyl the Demonspawn Abyssal Knight began the quest for the Orb.
     0 | Abyss:1  | Reached XP level 1. HP: 18/18 MP: 2/2
    67 | Abyss:1  | Noticed an orb spider
    68 | Abyss:1  | Noticed a giant orange brain
    72 | D:1      | Escaped the Abyss
   202 | D:1      | Reached * piety under Lugonu
   338 | D:1      | Gained mutation: You are slightly more attuned to the shadows. [demonic ancestry]
   338 | D:1      | Reached XP level 2. HP: 24/24 MP: 3/3
   859 | D:2      | Found an ancient bone altar of Kikubaaqudgha.
  1163 | D:2      | Reached XP level 3. HP: 7/29 MP: 4/4
  1577 | D:2      | Reached skill level 1 in Dodging
  1625 | D:2      | HP: 1/29 [adder (2)]
  1626 | D:2      | Succumbed to an adder's poison

Skill      XL: |  1  2  3 |
---------------+----------+-----
Armour         | 2 |  2.7
Axes           | 2 |  2.2
Dodging        | 1 |  1.0
Fighting       | |  3.5
Invocations    | |  2.5

Action                   || total
-------------------------++-------
Melee: Hand axe          ||    97
Invok: Depart the Abyss  ||     1
  Use: Potion            ||     6
  Eat: Fruit             ||     2
Armor: Chain mail        ||    74
Dodge: Dodged            ||    29
